 Dungeon Crawl Stone Soup version 0.31.0-32-g396128a36d (webtiles) character file.

Game seed: 6128751881856943011

2615 hawla the Arsonist (level 9, 0/51 (52) HPs)
             Began as a Deep Elf Fire Elementalist on Apr 18, 2024.
             Was a Follower of Vehumet.
             Slain by a centaur simulacrum (5 damage)
             ... on level 8 of the Dungeon.
             The game lasted 00:16:19 (8490 turns).

hawla the Arsonist (Deep Elf Fire Elementalist)     Turns: 8490, Time: 00:16:20

HP:   0/51 (52)     AC:  6    Str:  5    XL:     9   Next: 34%
MP:   2/15          EV: 12    Int: 25    God:    Vehumet [*.....]
Gold: 297           SH:  0    Dex: 15    Spells: 5/14 levels left

rFire   . . .        a - +1 dagger (venom)
rCold   + . .        (no shield)
rNeg    + . .        d - +2 robe {rC+}
rPois   .            (no helmet)
rElec   .            w - +0 cloak
rCorr   .            h - +0 pair of gloves
SInv    +            (no boots)
Will    .....        r - amulet of regeneration
Stlth   ++           l - ring of positive energy
HPRegen 1.08/turn    b - ring of see invisible
MPRegen 0.14/turn

%: no passive effects
@: weak-willed, hasted, lightly drained, very quick
A: no striking features
a: Renounce Religion


You were on level 8 of the Dungeon.
You worshipped Vehumet.
Vehumet was aware of your devotion.
You visited 2 branches of the dungeon, and saw 9 of its levels.

You collected 572 gold pieces.
You spent 275 gold pieces at shops.

Inventory:

Hand Weapons
 a - a +1 dagger of venom (weapon)
Armour
 d - a +2 robe of cold resistance (worn)
 h - a +0 pair of gloves (worn)
 w - a +0 cloak (worn)
Jewellery
 b - a ring of see invisible (right hand)
 l - a ring of positive energy (left hand)
 r - an amulet of regeneration (around neck)
 u - a ring of wizardry
 A - a ring of ice
Wands
 m - a wand of roots (4)
 n - a wand of mindburst (26) (quivered)
 z - a wand of flame (23)
Scrolls
 i - 2 scrolls of silence
 k - a scroll of brand weapon
 p - 2 scrolls of identify
Potions
 c - 2 potions of cancellation
 e - a potion of attraction {unknown}
 f - 2 potions of lignification {unknown}
 g - 2 potions of berserk rage {unknown}
 j - a potion of invisibility {unknown}
 o - 4 potions of curing
 q - a potion of haste
 v - a potion of resistance {unknown}


   Skills:
 - Level 4.0 Fighting
 - Level 2.5 Dodging
 - Level 2.6 Stealth
 - Level 3.1 Spellcasting
 - Level 1.2 Conjurations
 - Level 2.0 Translocations
 + Level 12.8 Fire Magic


You had 5 spell levels left.
You knew the following spells:

 Your Spells              Type           Power      Damage    Failure   Level
a - Foxfire               Conj/Fire      100%       2x1d9     1%          1
b - Scorch                Fire           100%       2d9       1%          2
c - Flame Wave            Conj/Fire      39%        2d11      5%          4
d - Blink                 Tloc           26%        N/A       7%          2

Your spell library contained the following spells:

 Spells                   Type           Power      Damage    Failure   Level
 Freeze                   Ice            12%        1d3       10%         1
 Volatile Blastmotes      Fire/Tloc      82%        2d16      1%          3
 Inner Flame              Hex/Fire       36%        N/A       2%          3
 Lesser Beckoning         Tloc           26%        N/A       7%          2
 Momentum Strike          Conj/Tloc      24%        3d8       8%          2


Dungeon Overview and Level Annotations

Branches:
Dungeon (8/15)             Temple (1/1) D:5
   Lair: D:8-11

Altars:
Cheibriados
Dithmenos
Fedhas
Gozag
Kikubaaqudgha
Makhleb
Nemelex Xobeh
Okawaru
Qazlal
Ru
Sif Muna
Trog
Uskayaw
Vehumet
Wu Jian
Xom
Yredelemnul
Zin
The Shining One

Shops:
D:4 !

Annotations:
D:3 1 transporter, dig the loot


Message History

It was a scroll of immolation.
As you read the scroll labelled CISUUK PAESI, it crumbles to dust.
The death yak bellows!
A wave of despondency washes over your surroundings.
It was a scroll of vulnerability.
A centaur simulacrum comes into view.
A wight comes into view.
It is wielding a +3 battleaxe of freezing.
A wight comes into view. It is wielding a +0 flail.
A wight comes into view. It is wielding a +0 war axe.
A wight comes into view. It is wielding a +4 scimitar.
Casting: Foxfire (safe; 1% risk of failure)
Confirm with . or Enter, or press ? or * to list all spells.
Casting: Flame Wave (dangerous; 5% risk of failure)
Press: ? - help, Dir - look around, f - activate A wave of flame ripples out! (Press . to intensify the flame waves.)
Okay, then.
You feel yourself speed up. The death yak gores you!!
A wight and an electric eel come into view.
Casting: Flame Wave (dangerous; 5% risk of failure)
Confirm with . or Enter, or press ? or * to list all spells.
Flames lash the death yak.
Flame seeps out of the death yak.
The death yak is lightly wounded.
The death yak's fire resistance burns away.
The wight closely misses you.
The death yak is engulfed in blazing flames.
Flame seeps out of the death yak.
The death yak closely misses you. The centaur simulacrum hits you.
The centaur simulacrum freezes you. You resist.
The centaur simulacrum kicks you but does no damage.
You hit the centaur simulacrum.
The centaur simulacrum is moderately damaged.
The wight hits you with a +0 war axe!
* * * LOW HITPOINT WARNING * * *
You partially resist.
You feel drained.
* * * LOW HITPOINT WARNING * * *
The centaur simulacrum hits you.
* * * LOW HITPOINT WARNING * * *
The centaur simulacrum freezes you. You resist.
You die...

*,,~~~~~~~,* ####.# #
*...~~~~ā‰ˆ..* #....#
# *,..Sā‰ˆ~z~.,*
#.#### # *,..~~z~.,,*
#.# #
*,,~..~.,,Y###.######
#,,....,,,.###<######
#.##zz****####....##.
#..Zz#* #######.##.
***#@# #######.##.
#Y############>##.
#.Y.Y...........#.
############...)$)
#####....ā€ .
#####......
######.....
#########..
########...


You could see 2 death yaks, an electric eel, 5 wights and a centaur simulacrum.

Vanquished Creatures
  Sigmund (D:2)
  A steam dragon (D:8)
  Edmund (D:5)
  2 sky beasts (D:7)
  2 ogres
  A wolf (D:8)
  A phantom (D:6)
  2 kobold brigands (D:6)
  Blork the orc (D:5)
  2 bullfrogs
  3 scorpions
  7 wights
  5 killer bees (D:7)
  A howler monkey (D:6)
  2 electric eels (D:6)
  A bombardier beetle (D:5)
  Crazy Yiuf (D:4)
  2 hounds
  3 orc priests
  Jessica (D:2)
  2 orc wizards (D:5)
  A sleepcap (D:4)
  A centaur simulacrum (D:8)
  A killer bee simulacrum (D:8)
  3 gnolls (D:2)
  5 adders
  A white imp (D:5)
  A howler monkey simulacrum (D:8)
  2 ufetubi (D:3)
  2 dart slugs
  A ribbon worm (D:4)
  11 orcs
  7 bats
  4 endoplasms
  7 giant cockroaches
  6 goblins
  4 hobgoblins
  3 quokkas
  7 ball pythons
  4 frilled lizards
  17 kobolds
  10 rats
140 creatures vanquished.

Vanquished Creatures (collateral kills)
  2 foxfires (D:6)
2 creatures vanquished.

Vanquished Creatures (others)
  309 foxfires
309 creatures vanquished.

Grand Total: 451 creatures vanquished

Notes
Turn   | Place    | Note
-------+----------+-------------------------------------------
     0 | D:1      | hawla the Deep Elf Fire Elementalist began the quest for
                  | the Orb.
     0 | D:1      | Reached XP level 1. HP: 10/10 MP: 6/6
   228 | D:1      | Reached XP level 2. HP: 15/15 MP: 5/8
   480 | D:1      | Reached skill level 4 in Fire Magic
   951 | D:1      | Reached XP level 3. HP: 19/19 MP: 7/9
  1192 | D:2      | Noticed Jessica
  1203 | D:2      | Killed Jessica
  1204 | D:2      | Reached skill level 5 in Fire Magic
  1517 | D:2      | Learned a level 2 spell: Scorch
  1694 | D:2      | Reached XP level 4. HP: 24/24 MP: 7/10
  1794 | D:2      | Noticed Sigmund
  1800 | D:2      | Killed Sigmund
  1801 | D:2      | Reached skill level 6 in Fire Magic
  1801 | D:2      | Reached XP level 5. HP: 30/30 MP: 4/11
  2304 | D:3      | Found a hide-covered altar of Uskayaw.
  2339 | D:3      | Reached XP level 6. HP: 36/36 MP: 8/12
  2495 | D:3      | Found a sparkling altar of Nemelex Xobeh.
  2495 | D:3      | Found a transporter.
  2906 | D:3      | You fall into a shaft and drop 3 floors!
  3028 | D:6      | Learned a level 4 spell: Flame Wave
  3072 | D:5      | Entered Level 5 of the Dungeon
  3072 | D:5      | Noticed Edmund
  3085 | D:5      | Killed Edmund
  3180 | D:5      | Found a staircase to the Ecumenical Temple.
  3203 | D:5      | Reached skill level 7 in Fire Magic
  3221 | D:5      | Reached XP level 7. HP: 41/41 MP: 9/13
  3234 | Temple   | Entered the Ecumenical Temple
  3272 | D:4      | Found Zyosuero's Distillery.
  3280 | D:4      | Bought a potion of curing for 33 gold pieces
  3280 | D:4      | Bought a potion of cancellation for 88 gold pieces
  3280 | D:4      | Bought a potion of degeneration for 11 gold pieces
  3280 | D:4      | Bought a potion of curing for 33 gold pieces
  3280 | D:4      | Bought a potion of haste for 110 gold pieces
  4418 | D:4      | Found a runed translucent door.
  4419 | D:4      | Noticed Crazy Yiuf
  4526 | D:4      | Killed Crazy Yiuf
  4527 | D:4      | Reached skill level 8 in Fire Magic
  4590 | D:5      | Found a burning altar of Makhleb.
  4614 | D:5      | Found a shimmering blue altar of Sif Muna.
  4664 | D:5      | Found an ornate altar of the Wu Jian Council.
  4725 | D:5      | Noticed Blork the orc
  4729 | D:5      | Killed Blork the orc
  5345 | D:5      | Found a radiant altar of Vehumet.
  5359 | D:5      | Became a worshipper of Vehumet
  5367 | D:5      | Reached skill level 9 in Fire Magic
  5721 | D:6      | Reached XP level 8. HP: 37/48 MP: 10/14
  6152 | D:6      | Reached skill level 10 in Fire Magic
  6193 | D:6      | Found a blossoming altar of Fedhas.
  6821 | D:7      | Found a sacrificial altar of Ru.
  7248 | D:7      | Reached skill level 11 in Fire Magic
  7307 | D:7      | Reached * piety under Vehumet
  7307 | D:7      | Offered knowledge of Freeze by Vehumet.
  7312 | D:7      | Learned a level 2 spell: Blink
  7541 | D:7      | Reached XP level 9. HP: 27/52 MP: 9/15
  7767 | D:7      | Reached skill level 12 in Fire Magic
  8404 | D:8      | Identified the +4 ring mail of Divine Compulsion {^Drain
                  | Str+8}
  8469 | D:8      | Noticed a death yak
  8470 | D:8      | Noticed a death yak
  8490 | D:8      | Slain by a centaur simulacrum

Illustrated notes

Levels and vault maps discovered:
D:1:      sevenhm_arrival_forest_fort_small_4, layout_loops_ring,
          minmay_pentomino_u2
D:2:      layout_basic, serial_glass, glass_columns_a, glass_columns_a,
          glass_columns_b, glass_columns_a, minmay_rat_gold_closets,
          uniq_sigmund, uniq_jessica
D:3:      layout_basic, mainiacjoe_overflow_24_doors, grunt_nemelex_the_gamble
D:4:      layout_basic, serial_shops, nicolae_shop_tiny_statue_garden,
          uniq_crazy_yiuf_cottage
D:5:      layout_basic, vehumet_altar_wand_db, mainiacjoe_overflow_catwalk,
          grunt_temple_overflow_open, minmay_temple_entry_arrows,
          minmay_misc_feat_rugged, uniq_blork_the_orc, uniq_edmund
D:6:      layout_loops_corners, fedhas_altar_3, serial_bayou_lagoon_b
D:7:      layout_basic, mainiacjoe_overflow_alcove_1
D:8:      layout_loops_ring, nicolae_elyvilon_peaceful_grove, serial_ice,
          serial_ice_o, serial_ice_m, serial_ice_e, serial_ice_j, serial_ice_a,
          serial_ice_f, serial_ice_b, serial_ice_h, uniq_psyche
Temple:   hellmonk_temple_of_storms

Skill      XL: |  1  2  3  4  5  6  7  8  9 |
---------------+----------------------------+-----
Fire Magic     | 4 5 6 7 9 11 12 | 12.8
Fighting       | 2 3 4 |  4.0
Translocations | 2 |  2.0
Dodging        | |  2.5
Stealth        | |  2.6
Spellcasting   | |  3.1
Conjurations   | |  1.2

Action                     |  1- 3 |  4- 6 |  7- 9 || total
---------------------------+-------+-------+-------++-------
  Melee: Unarmed           |    11 |       |       ||    11
         Dagger            |       |     5 |    34 ||    39
   Cast: Foxfire           |    61 |    39 |    79 ||   179
         Scorch            |     4 |    19 |    60 ||    83
         Flame Wave        |       |       |     9 ||     9
  Evoke: Wand              |       |       |     1 ||     1
    Use: Potion            |     2 |     1 |     2 ||     5
         Scroll            |     1 |     2 |     7 ||    10
   Stab: Sleeping          |       |       |     1 ||     1
 Armour: Robe              |    32 |    11 |    67 ||   110
  Dodge: Dodged            |    43 |    17 |    55 ||   115
